 Dungeon Crawl Stone Soup version 0.19.0-19-g8c6edcc (webtiles) character file.

633 Lochraine the Conjurer (level 7, -1/50 HPs)
             Began as a White Draconian Fire Elementalist on Nov 13, 2016.
             Was a Priest of Zin.
             Killed from afar by an orc wizard (12 damage)
             ... with a puff of flame
             ... on level 4 of the Dungeon.
             The game lasted 00:14:25 (5080 turns).

Lochraine the Conjurer (DrFE)                       Turns: 5080, Time: 00:14:26

Health: -1/50      AC: 14    Str: 10    XL:     7   Next: 24%
Magic:  11/13      EV: 12    Int: 23    God:    Zin [***...]
Gold:   244        SH:  0    Dex: 11    Spells: 4 memorised, 4 levels left

rFire  . . .     SeeInvis .     y - +2 mace (protect)
rCold  + . .     Gourm    .     (armour unavailable)
rNeg   . . .     Faith    .     (no shield)
rPois  .         Spirit   .     (helmet restricted)
rElec  .         Reflect  .     x - +0 cloak
rCorr  .         Harm     .     (no gloves)
MR     +....                    (no boots)
Stlth  ++........               (no amulet)
                                u - ring of wizardry
                                l - ring of protection from magic

@: brilliant, short of breath, protection aura
A: breathe frost, unfitting armour, cold resistance 1, cold-blooded, AC +6
a: Breathe Frost, Recite, Vitalisation, Imprison, Donate Gold, Renounce Religion


You were on level 4 of the Dungeon.
You worshipped Zin.
Zin was most pleased with you.
You were not hungry.

You visited 1 branch of the dungeon, and saw 5 of its levels.

You collected 271 gold pieces.
You donated 27 gold pieces to Zin.

Inventory:

Hand Weapons
 e - a +0 hand axe
 y - a +2 mace of protection (weapon)
 z - a +0 falchion of slicing
Armour
 x - a +0 cloak (worn)
Jewellery
 k - an uncursed ring of flight
 l - a ring of protection from magic (left hand)
 u - a ring of wizardry (right hand)
 B - an uncursed ring of see invisible {unknown}
Scrolls
 d - a scroll of random uselessness {unknown}
 f - a scroll of blinking {unknown}
 g - 6 scrolls of identify {unknown}
 h - 5 scrolls of enchant armour {unknown}
 i - 2 scrolls of teleportation {unknown}
 n - 2 scrolls of fog {unknown}
 q - 2 scrolls of recharging {unknown}
 r - 4 scrolls of enchant weapon {unknown}
 s - a scroll of remove curse {unknown}
 w - a scroll of noise {unknown}
Potions
 c - a potion of resistance {unknown}
 j - 2 potions of agility {unknown}
 m - 2 potions of curing
 o - a potion of cancellation {unknown}
 p - a potion of heal wounds {unknown}
 t - 3 potions of brilliance
 C - a potion of degeneration {unknown}
Books
 a - a book of Flames

   Spells                             Type                      Level
   a - Flame Tongue                   Conjuration/Fire             1
   b - Throw Flame                    Conjuration/Fire             2
   c - Conjure Flame                  Conjuration/Fire             3
   d - Inner Flame                    Hexes/Fire                   3
   e - Sticky Flame                   Conjuration/Fire             4
   f - Fireball                       Conjuration/Fire             5
Comestibles
 b - a bread ration
 v - 2 meat rations
 A - a chunk of flesh


   Skills:
 + Level 0.2 Fighting
 + Level 1.9 Dodging
 - Level 1.7 Stealth
 + Level 4.2 Spellcasting
 + Level 4.3 Conjurations
 + Level 4.1 Fire Magic
 + Level 2.7 Invocations


You had 4 spell levels left.
You knew the following spells:

 Your Spells              Type           Power        Failure   Level  Hunger
a - Flame Tongue          Conj/Fire      #####        1%          1    None
b - Throw Flame           Conj/Fire      #####.       1%          2    #......
c - Conjure Flame         Conj/Fire      #####...     1%          3    ##.....
d - Sticky Flame          Conj/Fire      #####...     2%          4    ####...


Dungeon Overview and Level Annotations

Branches:
Dungeon (5/15)             Temple (0/1) D:4

Altars:
Dithmenos
Okawaru
Trog
Vehumet
Zin


Innate Abilities, Weirdness & Mutations

You can breathe waves of freezing cold.
You can buffet flying creatures when you breathe cold.
Your icy white scales are hard. (AC +6)
You cannot fit into any form of body armour.
Your flesh is cold resistant. (rC+)
You are cold-blooded and may be slowed by cold attacks.


Message History

There is a stone staircase leading down here.
You feel better. The orc wizard barely misses you.
You hit the orc wizard.
Your weapon exudes an aura of protection.
You tail-slap the orc wizard, but do no damage.
The orc wizard is moderately wounded.
The orc wizard hits you with a dagger.
* * * LOW HITPOINT WARNING * * *
It was a potion of brilliance.
You feel clever all of a sudden.
The orc wizard hits you but does no damage.
Casting: Flame Tongue
Confirm with . or Enter, or press ? or * to list all spells.
Aiming: Throw Flame
Press: ? - help, Shift-Dir - straight line, f - orc wizard
Aim: an orc wizard, wielding a dagger and wearing a robe (moderately wounded)
The puff of flame misses the orc wizard.
The orc wizard casts a spell at you. The puff of flame hits you!
You die...

..................#.#...........#
...##.###.........).##..........#
......##........................#
..##...............###..........#
..##.#.............###.<........#
..##..................##..#######
.###...###.........##.........#
.......# #......o.#####.......#
......####......@[# #.......#
####..###...####### #.......#
#..##..#.## #.......#
###..##.##..# #.......#
##.....#.###.# ###.......#
>........###.########.........#
##....................#########
#......####..##....### #.....##
#........#


You could see an orc wizard.

Vanquished Creatures
  An ogre (D:4)
  An orc priest (D:4)
  A centaur skeleton (D:4)
  A bullfrog skeleton (D:4)
  Jessica (D:2)
  An iguana (D:4)
  Crazy Yiuf (D:3)
  Natasha (twice) (D:3)
  3 worker ants (D:4)
  Terence (D:3)
  7 gnolls
  7 adders
  An ooze (D:2)
  2 worms (D:2)
  A dart slug (D:2)
  5 leopard geckos
  15 orcs
  2 ball pythons
  4 giant cockroaches
  7 goblins
  9 hobgoblins
  2 jackals (D:4)
  3 quokkas
  9 bats
  6 frilled lizards
  7 kobolds
  7 rats
107 creatures vanquished.

Notes
Turn   | Place    | Note
-------+----------+-------------------------------------------
     0 | D:1      | Lochraine the Draconian Fire Elementalist began the quest for the Orb.
     0 | D:1      | Reached XP level 1. HP: 14/14 MP: 3/3
   344 | D:1      | Reached XP level 2. HP: 18/20 MP: 5/5
  1208 | D:2      | Found an iron altar of Okawaru.
  1209 | D:2      | Found a shadowy altar of Dithmenos.
  1238 | D:2      | Reached XP level 3. HP: 14/26 MP: 3/6
  1365 | D:2      | Learned a level 2 spell: Throw Flame
  1387 | D:2      | Learned a level 3 spell: Conjure Flame
  1906 | D:2      | Found a bloodstained altar of Trog.
  1906 | D:2      | Found a faded altar of an unknown god.
  1911 | D:2      | Found a faded altar of an unknown god.
  1913 | D:2      | Found a faded altar of an unknown god.
  1915 | D:2      | Found a faded altar of an unknown god.
  2004 | D:2      | Became a worshipper of Zin the Law-Giver
  2004 | D:2      | Reached * piety under Zin
  2004 | D:2      | Reached ** piety under Zin
  2029 | D:2      | Reached XP level 4. HP: 33/33 MP: 0/7
  2392 | D:2      | Noticed Jessica
  2402 | D:2      | Killed Jessica
  2623 | D:2      | Reached XP level 5. HP: 32/38 MP: 9/9
  2821 | D:3      | Noticed Natasha
  3033 | D:3      | Reached *** piety under Zin
  3385 | D:3      | Learned a level 4 spell: Sticky Flame
  3416 | D:3      | Killed Natasha
  3416 | D:3      | Reached skill level 1 in Invocations
  3519 | D:3      | Found a runed door.
  3523 | D:3      | Noticed Crazy Yiuf
  3528 | D:3      | Killed Crazy Yiuf
  3528 | D:3      | Reached XP level 6. HP: 33/45 MP: 7/11
  3595 | D:3      | Noticed Terence
  3604 | D:3      | Killed Terence
  3800 | D:3      | Noticed Natasha
  3807 | D:3      | Killed Natasha
  4008 | D:4      | Found a staircase to the Ecumenical Temple.
  4399 | D:4      | Your scales start taking on an icy white colour.
  4399 | D:4      | Reached XP level 7. HP: 28/50 MP: 6/13
  4399 | D:4      | Gained mutation: Your flesh is cold resistant. (rC+) [White Draconian growth]
  4646 | D:4      | Found a radiant altar of Vehumet.
  4904 | D:5      | Entered Level 5 of the Dungeon
  5075 | D:5      | HP: 1/50 [wyvern zombie (6)]
  5080 | D:4      | Killed from afar by an orc wizard

Skill      XL: |  1  2  3  4  5  6 |
---------------+-------------------+-----
Conjurations   | 2 3 4 |  4.3
Fire Magic     | 4 |  4.1
Spellcasting   | 3 4 |  4.2
Invocations    | 1 2 |  2.7
Fighting       | |  0.2
Dodging        | |  1.9
Stealth        | |  1.7

Action                   |  1- 3 |  4- 6 |  7- 9 || total
-------------------------+-------+-------+-------++-------
Melee: Hand axe          |    57 |   117 |       ||   174
       Tailslap          |     9 |    18 |     6 ||    33
       Unarmed           |     3 |       |       ||     3
       Mace              |       |    41 |    42 ||    83
 Cast: Flame Tongue      |    32 |    97 |     7 ||   136
       Throw Flame       |     4 |     1 |     1 ||     6
       Conjure Flame     |     1 |     2 |       ||     3
Invok: Recite            |     1 |     7 |     2 ||    10
  Use: Potion            |       |     1 |     2 ||     3
 Stab: Sleeping          |     2 |     1 |       ||     3
  Eat: Chunk             |     3 |     4 |     3 ||    10
       Meat ration       |       |     1 |       ||     1
Armor: Skin              |    26 |    81 |    26 ||   133
Dodge: Dodged            |    38 |   156 |    45 ||   239
